 Dungeon Crawl Stone Soup version 0.19.1-1-g22dce08 (webtiles) character file.

68 sveltemanboy the Conjurer (level 4, -6/24 HPs)
             Began as a Deep Elf Conjurer on Jan 7, 2017.
             Mangled by an orc
             ... wielding a +0 mace
              (8 damage)
             ... on level 4 of the Dungeon.
             The game lasted 00:04:37 (2193 turns).

sveltemanboy the Conjurer (Deep Elf Conjurer)       Turns: 2193, Time: 00:04:38

Health: -6/24      AC:  2    Str:  5    XL:     4   Next: 1%
Magic:  2/12       EV: 13    Int: 21    God:
Gold:   108        SH:  0    Dex: 15    Spells: 2 memorised, 8 levels left

rFire  . . .     SeeInvis .     (no weapon)
rCold  . . .     Gourm    .     a - +0 robe
rNeg   . . .     Faith    .     (no shield)
rPois  .         Spirit   .     (no helmet)
rElec  .         Reflect  .     (no cloak)
rCorr  .         Harm     .     (no gloves)
MR     .....                    (no boots)
Stlth  ++........               (no amulet)
                                (no ring)
                                (no ring)

@: no status effects
A: no striking features
a: no special abilities


You were on level 4 of the Dungeon.
You were not hungry.

You visited 1 branch of the dungeon, and saw 4 of its levels.

You collected 108 gold pieces.

Inventory:

Armour
 a - a +0 robe (worn)
Scrolls
 f - 2 scrolls of enchant armour {unknown}
 g - 3 scrolls of identify {unknown}
 j - a scroll of amnesia {unknown}
 m - a scroll of random uselessness {unknown}
 q - a scroll of immolation {unknown}
 s - a scroll of teleportation {unknown}
 u - a scroll of fog {unknown}
 v - a scroll of blinking {unknown}
Potions
 e - a potion of magic {unknown}
 h - 2 potions of curing {unknown}
 i - a potion of ambrosia {unknown}
 k - a potion of degeneration {unknown}
 l - a potion of flight {unknown}
 n - a potion of lignification {unknown}
 o - a potion of invisibility {unknown}
Books
 b - a book of Conjurations

   Spells                             Type                      Level
   a - Magic Dart                     Conjuration                  1
   b - Searing Ray                    Conjuration                  2
   c - Dazzling Spray                 Conjuration/Hexes            3
   d - Fulminant Prism                Conjuration/Hexes            4
   e - Iskenderun's Mystic Blast      Conjuration                  4
   f - Iskenderun's Battlesphere      Conjuration/Charms           5
Comestibles
 c - 3 bread rations
 d - 3 meat rations
 p - 4 fruits
 r - 7 chunks of flesh
 t - a beef jerky


   Skills:
 - Level 2.4 Dodging
 - Level 2.4 Stealth
 + Level 4.2 Spellcasting
 * Level 5.5 Conjurations


You had 8 spell levels left.
You knew the following spells:

 Your Spells              Type           Power        Failure   Level  Hunger
a - Magic Dart            Conj           ####         1%          1    None
b - Searing Ray           Conj           ####..       1%          2    #......


Dungeon Overview and Level Annotations

Branches:
Dungeon (4/15)
 Temple: D:4-7

Altars:


Message History

An orc comes into view. It is wielding a club.
The orc priest hits you but does no damage.
A kobold and an orc priest come into view.
The orc priest hits you with a hand axe!
* * * LOW HITPOINT WARNING * * *
The orc barely misses you. The orc barely misses you.
There is a stone staircase leading down here.
The orc throws a tomahawk.
The tomahawk misses you.
You climb downwards.
A hound and an orc come into view.
Found a cloak, 14 gold pieces and a robe.
Found a stone staircase leading up and a stone staircase leading down.
There is a stone staircase leading up here.
The orc hits you but does no damage. The orc misses you.
There is a stone staircase leading up here.
The hound pauses to sniff the ground.
The orc hits you with a mace!
You die...

..........o.#
..........#
#........#
..##......$.#
..[....<....#
.##......h..#
##........#
........o..#
###......@.#
#..>.....#
##########


You could see a hound and an orc.

Vanquished Creatures
  An adder (D:3)
  2 oozes (D:1)
  A worm (D:2)
  2 dart slugs (D:1)
  2 leopard geckos (D:2)
  4 orcs (D:3)
  5 bats
  3 hobgoblins
  4 kobolds
  A quokka (D:3)
  6 frilled lizards
  5 goblins
  5 rats
41 creatures vanquished.

Notes
Turn   | Place    | Note
-------+----------+-------------------------------------------
     0 | D:1      | sveltemanboy the Deep Elf Conjurer began the quest for the Orb.
     0 | D:1      | Reached XP level 1. HP: 10/10 MP: 6/6
   401 | D:1      | Reached XP level 2. HP: 12/15 MP: 1/8
   464 | D:1      | Learned a level 2 spell: Searing Ray
   581 | D:1      | Reached skill level 5 in Conjurations
   941 | D:1      | Reached XP level 3. HP: 19/19 MP: 3/10
  2154 | D:3      | Found a faded altar of an unknown god.
  2175 | D:3      | Reached XP level 4. HP: 21/24 MP: 2/12
  2180 | D:3      | HP: 1/24 [orc priest/hand axe (9)]
  2193 | D:4      | Mangled by an orc

Skill      XL: |  1  2  3 |
---------------+----------+-----
Conjurations   | 5 |  5.5
Spellcasting   | 4 |  4.2
Dodging        | |  2.4
Stealth        | |  2.4

Action                   |  1- 3 |  4- 6 || total
-------------------------+-------+-------++-------
 Cast: Magic Dart        |    77 |       ||    77
       Searing Ray       |     3 |     2 ||     5
  Eat: Chunk             |     4 |       ||     4
Dodge: Dodged            |     7 |     6 ||    13
